 Dungeon Crawl Stone Soup version 0.30-a0-605-gb2882149bf (webtiles) character file.

Game seed: 1486514983393958252

2162 themarg the Insei (level 9, -10/68 HPs)
             Began as a Gnoll Transmuter on Jan 8, 2023.
             Was a Believer of Sif Muna.
             Mangled by Erica
             ... wielding a +3 scimitar of flaming
              (13 damage)
             ... on level 8 of the Dungeon.
             The game lasted 00:15:21 (7338 turns).

themarg the Insei (Gnoll Transmuter)                Turns: 7338, Time: 00:15:22

Health: -10/68     AC:  2    Str:  9    XL:     9   Next: 32%
Magic:  0/19       EV: 24    Int: 23    God:    Sif Muna [**....]
Gold:   226        SH:  0    Dex: 18    Spells: 8/21 levels left

rFire   . . .      SeeInvis .      - Unarmed
rCold   . . .      Faith    .    (shield currently unavailable)
rNeg    . . .      Spirit   +    (body armour currently unavailable)
rPois   .          Reflect  .    (helmet currently unavailable)
rElec   .          Harm     .    (cloak currently unavailable)
rCorr   .          Rampage  .    (gloves currently unavailable)
Will    .....                    (boots currently unavailable)
Stlth   +++                      H - amulet of guardian spirit
HPRegen 0.31/turn                q - +6 ring of intelligence
MPRegen 0.16/turn                F - ring of poison resistance

@: lethally poisoned (-10 -> -14), spider-form
A: venomous fangs, tiny, (fangs 1), strong nose, distributed training
a: End Transformation, Renounce Religion, Channel Magic


You were on level 8 of the Dungeon.
You worshipped Sif Muna.
Sif Muna was pleased with you.
You were a venomous arachnid creature.
You visited 1 branch of the dungeon, and saw 8 of its levels.

You collected 314 gold pieces.
You spent 88 gold pieces at shops.

Inventory:

Missiles
 c - 56 stones
 s - 23 poisoned darts
 G - 2 throwing nets
Armour
 a - a +0 robe (melded)
 e - a +0 pair of gloves (melded)
 f - a scarf of invisibility (melded)
 o - a +1 helmet (melded)
Jewellery
 q - a +6 ring of intelligence (left front pincers)
 v - an amulet of faith
 F - a ring of poison resistance (right front pincers)
 H - an amulet of guardian spirit (around neck)
Wands
 A - a wand of digging (5)
 B - a wand of polymorph (14)
Scrolls
 g - 6 scrolls of teleportation
 h - 2 scrolls of poison {unknown}
 i - 3 scrolls of vulnerability
 j - 2 scrolls of amnesia
 l - 2 scrolls of fog {unknown}
 p - 2 scrolls of fear {unknown}
 u - a scroll of butterflies {unknown}
 w - 2 scrolls of immolation {unknown}
 x - a scroll of enchant weapon {unknown}
 y - 2 scrolls of magic mapping {unknown}
 C - a scroll of noise {unknown}
 D - a scroll of torment {unknown}
Potions
 b - a potion of lignification
 d - 2 potions of might
 k - a potion of mutation
 m - a potion of attraction
 n - 4 potions of curing
 r - a potion of heal wounds
 t - a potion of ambrosia
 z - a potion of haste
 E - a potion of invisibility


   Skills:
 + Level 5.1 Fighting
 + Level 4.3 Short Blades
 + Level 4.3 Long Blades
 + Level 4.3 Axes
 + Level 4.3 Maces & Flails
 + Level 4.3 Polearms
 + Level 4.3 Staves
 + Level 4.3 Ranged Weapons
 + Level 4.3 Throwing
 + Level 4.3 Armour
 + Level 6.3 Dodging
 + Level 4.3 Stealth
 + Level 4.3 Shields
 + Level 7.9 Unarmed Combat
 + Level 6.6 Spellcasting
 + Level 3.5 Conjurations
 + Level 3.5 Hexes
 + Level 3.5 Summonings
 + Level 3.5 Necromancy
 + Level 3.5 Translocations
 + Level 5.2 Transmutations
 + Level 3.5 Fire Magic
 + Level 3.5 Ice Magic
 + Level 3.5 Air Magic
 + Level 3.5 Earth Magic
 + Level 3.5 Poison Magic
 + Level 4.7 Invocations
 + Level 4.3 Evocations


You had 8 spell levels left.
You knew the following spells:

 Your Spells              Type           Power      Damage    Failure   Level
a - Beastly Appendage     Tmut           62%        N/A       4%          1
b - Wereblood             Tmut           31%        N/A       6%          2
c - Spider Form           Tmut/Pois      27%        N/A       13%         3
d - Ice Form              Ice/Tmut       27%        N/A       30%         4
e - Mephitic Cloud        Conj/Pois/Air  23%        N/A       16%         3

Your spell library contained the following spells:

 Spells                   Type           Power      Damage    Failure   Level
 Sting                    Tmut/Pois      100%       1d8       6%          1
 Kiss of Death            Conj/Necr      92%        2d12      8%          1
 Magic Dart               Conj           92%        1d7       8%          1
 Call Imp                 Summ           23%        N/A       10%         2
 Cigotuvi's Dreadful Rot  Necr/Pois/Air  46%        N/A       10%         2
 Poisonous Vapours        Pois/Air       46%        N/A       10%         2
 Confusing Touch          Hex            23%        N/A       16%         3
 Dispel Undead            Necr           23%        3d12      38%         4
 Olgreb's Toxic Radiance  Pois           23%        N/A       38%         4
 Passage of Golubria      Tloc           23%        N/A       38%         4
 Silence                  Hex/Air        11%        N/A       67%         5
 Lehudib's Crystal Spear  Conj/Erth      11%        10d4      100%        8


Dungeon Overview and Level Annotations

Branches:
Dungeon (8/15)             Temple (0/1) D:5
   Lair: D:8-11

Altars:
Ashenzari
Cheibriados
Fedhas
Gozag
Hepliaklqana
Nemelex Xobeh
Okawaru
Sif Muna
Vehumet
Zin

Shops:
D:3 =   D:5 (*[   D:6 (

Annotations:
D:8 Erica


Innate Abilities, Weirdness & Mutations

You are a venomous arachnid creature.
You have venomous fangs.
You are tiny and dextrous.
Your spellcasting is less reliable in this form.
Your armour is entirely melded.
You are incapable of wielding weapons or throwing items.
((You have very sharp teeth.))
Your uncanny sense of smell can sniff out nearby items.
Your experience applies equally to all skills.


Message History

Your +0 robe unmelds from your body.
You become transparent for a moment.
You turn into a venomous arachnid creature.
Your scarf of invisibility melds into your body.
Your +1 helmet melds into your body.
Your +0 pair of gloves melds into your body.
Your +0 robe melds into your body.
Erica mumbles some strange words.
Erica flickers and vanishes!
Deactivating autopickup; reactivate with Ctrl-A.
A bullfrog comes into view.
You barely miss something.
The bullfrog croaks.
You hit something. Something hits you! Something burns you.
You barely miss something. Something hits you! Something burns you.
You hit something. Something closely misses you.
You bite something!
You hear some strange, mumbled words.
A bolt of poison appears from out of thin air!
The bolt of poison hits you!
You are poisoned.
You bite something!
You feel very sick. Something hits you! Something burns you.
The bullfrog misses you.
You hit something.
You feel sick. The bullfrog closely misses you. Something hits you!
* * * LOW HITPOINT WARNING * * *
Something burns you.
* * * LOW HITPOINT WARNING * * *
You closely miss something.
* * * LOW HITPOINT WARNING * * *
You feel sick. The bullfrog barely misses you.
You barely miss something.
* * * LOW HITPOINT WARNING * * *
You feel sick. The bullfrog hits you. Something barely misses you.
The bullfrog hits you.
* * * LOW HITPOINT WARNING * * *
You barely miss something.
* * * LOW HITPOINT WARNING * * *
You feel sick. Something hits you!
You die...

....... .....###
.. .....#.##
.##.. ....?...#
.... #......##
...##.......#
##..#{F....#
#...#s.#...#.
###...........
##......##...#.
#.....<.##.###
............#
.........#......
...##....#...###
.......... ..#
....###........


You could see a bullfrog.

Vanquished Creatures
  Pikel (D:6)
  A steam dragon (D:5)
  A sky beast (D:7)
  A black bear (D:6)
  A centaur (D:4)
  4 lemures (D:6)
  A kobold brigand (D:7)
  A gnoll sergeant (D:7)
  5 scorpions
  3 bullfrogs (D:6)
  5 wights (D:6)
  A hound (D:5)
  A gnoll bouda (D:7)
  A jelly (D:6)
  2 orc priests
  An iguana (D:5)
  Robin (D:2)
  7 gnolls (D:7)
  10 adders
  A white imp (D:7)
  An ufetubus (D:5)
  2 worms
  3 dart slugs
  20 orcs
  8 bats
  6 endoplasms
  3 giant cockroaches
  13 goblins
  8 hobgoblins
  3 jackals (D:4)
  4 quokkas
  12 ball pythons
  4 frilled lizards
  8 kobolds
  5 rats
149 creatures vanquished.

Vanquished Creatures (others)
  5 fungi (D:4)
  3 plants (D:4)
8 creatures vanquished.

Grand Total: 157 creatures vanquished

Notes
Turn   | Place    | Note
-------+----------+-------------------------------------------
     0 | D:1      | themarg the Gnoll Transmuter began the quest for the Orb.
     0 | D:1      | Reached XP level 1. HP: 17/17 MP: 6/6
   111 | D:1      | Reached XP level 2. HP: 23/23 MP: 5/7
   114 | D:1      | Learned a level 2 spell: Wereblood
   539 | D:1      | Reached skill level 5 in Spellcasting
   539 | D:1      | Reached XP level 3. HP: 21/28 MP: 6/9
   543 | D:1      | Learned a level 3 spell: Spider Form
   817 | D:2      | Reached skill level 1 in Invocations
   822 | D:2      | Reached skill level 1 in Short Blades
   822 | D:2      | Reached skill level 1 in Long Blades
   822 | D:2      | Reached skill level 1 in Axes
   822 | D:2      | Reached skill level 1 in Maces & Flails
   822 | D:2      | Reached skill level 1 in Polearms
   822 | D:2      | Reached skill level 1 in Staves
   822 | D:2      | Reached skill level 1 in Ranged Weapons
   822 | D:2      | Reached skill level 1 in Throwing
   822 | D:2      | Reached skill level 1 in Armour
   822 | D:2      | Reached skill level 1 in Stealth
   822 | D:2      | Reached skill level 1 in Shields
   822 | D:2      | Reached skill level 1 in Evocations
   996 | D:2      | Noticed Robin
  1012 | D:2      | Reached XP level 4. HP: 34/34 MP: 6/11
  1023 | D:2      | Killed Robin
  1175 | D:2      | Reached skill level 1 in Conjurations
  1175 | D:2      | Reached skill level 1 in Hexes
  1175 | D:2      | Reached skill level 1 in Summonings
  1175 | D:2      | Reached skill level 1 in Necromancy
  1175 | D:2      | Reached skill level 1 in Translocations
  1175 | D:2      | Reached skill level 1 in Fire Magic
  1175 | D:2      | Reached skill level 1 in Ice Magic
  1175 | D:2      | Reached skill level 1 in Air Magic
  1175 | D:2      | Reached skill level 1 in Earth Magic
  1175 | D:2      | Reached skill level 1 in Poison Magic
  1733 | D:3      | Found a radiant altar of Vehumet.
  1822 | D:3      | Found a faded altar of an unknown god.
  1826 | D:3      | Found a broken altar of Ashenzari.
  1831 | D:3      | Prayed at the altar of an unknown god.
  1831 | D:3      | Became a worshipper of Sif Muna the Loreminder
  1831 | D:3      | Reached * piety under Sif Muna
  1858 | D:3      | Found a hazy altar of Hepliaklqana.
  2141 | D:3      | Reached XP level 5. HP: 40/40 MP: 8/12
  2437 | D:3      | Found Awuank's Jewellery Emporium.
  3217 | D:4      | Noticed a centaur
  3225 | D:4      | Killed a centaur
  3226 | D:4      | Reached skill level 5 in Dodging
  3226 | D:4      | Reached XP level 6. HP: 44/47 MP: 11/14
  3613 | D:4      | Found a blossoming altar of Fedhas.
  3752 | D:5      | Entered Level 5 of the Dungeon
  3896 | D:5      | Reached ** piety under Sif Muna
  3939 | D:5      | Found Tisem's Antique Armour Shoppe.
  4020 | D:5      | Found a snail-covered altar of Cheibriados.
  4260 | D:5      | Found Huostenoumm's Assorted Antiques.
  4264 | D:5      | Found Alefiyl's Weapon Emporium.
  4277 | D:5      | Reached skill level 7 in Unarmed Combat
  4277 | D:5      | Reached XP level 7. HP: 52/52 MP: 12/15
  4305 | D:5      | Bought a scroll of identify for 44 gold pieces
  4305 | D:5      | Bought a scroll of identify for 44 gold pieces
  4320 | D:5      | Found a staircase to the Ecumenical Temple.
  4503 | D:5      | Noticed a steam dragon
  4517 | D:5      | Killed a steam dragon
  4910 | D:6      | Reached XP level 8. HP: 48/60 MP: 8/16
  5244 | D:6      | Found Veikekk's Antique Weapon Shoppe.
  5701 | D:6      | Found a sparkling altar of Nemelex Xobeh.
  5758 | D:6      | Noticed Pikel
  5769 | D:6      | Killed Pikel
  5770 | D:6      | Reached skill level 5 in Transmutations
  6177 | D:6      | Reached XP level 9. HP: 64/67 MP: 15/18
  6218 | D:6      | Learned a level 4 spell: Ice Form
  6222 | D:6      | Learned a level 3 spell: Mephitic Cloud
  6284 | D:7      | Found a glowing silver altar of Zin.
  6606 | D:7      | Reached skill level 5 in Fighting
  7000 | D:7      | Found an iron altar of Okawaru.
  7005 | D:7      | Found an opulent altar of Gozag.
  7324 | D:8      | Noticed Erica
  7338 | D:8      | HP: 3/68 [poisoned by Erica (bolt of poison)]
  7338 | D:8      | Mangled by Erica

Illustrated notes

Levels and vault maps discovered:
D:1:      dpeg_arrival_pond, layout_basic, minmay_tiny_reverse_x
D:2:      layout_loops_ring, grunt_decor_cap, uniq_robin
D:3:      minmay_door_path, layout_basic, mainiacjoe_overflow_chevrons,
          mainiacjoe_overflow_brackets, nicolae_overflow_ecumenical_swirl,
          serial_shops, shop_fountains, minmay_statues_item, saegor_snake_ambush
D:4:      layout_loops_ring, fedhas_altar_3
D:5:      layout_gridville, slow_altar_1, minmay_temple_entry_hall,
          serial_shops, shop, nicolae_shop_waterfront, shop
D:6:      layout_basic, nemelex_spade_bored_becter, serial_shops,
          shop_fountains, uniq_pikel
D:7:      layout_gridville, lemuel_round_altar, mainiacjoe_overflow_big_doors,
          minmay_stone_trees_large
D:8:      layout_cave_pools, lemuel_round_altar, eat_drink_and_be_merry_uskayaw,
          uniq_erica, uniq_maurice

Skill      XL: |  1  2  3  4  5  6  7  8  9 |
---------------+----------------------------+-----
Spellcasting   | 5 6 |  6.6
Invocations    | 1 2 3 4 |  4.7
Short Blades   | 1 2 3 4 |  4.3
Long Blades    | 1 2 3 4 |  4.3
Axes           | 1 2 3 4 |  4.3
Maces & Flails | 1 2 3 4 |  4.3
Polearms       | 1 2 3 4 |  4.3
Staves         | 1 2 3 4 |  4.3
Ranged Weapons | 1 2 3 4 |  4.3
Throwing       | 1 2 3 4 |  4.3
Armour         | 1 2 3 4 |  4.3
Stealth        | 1 2 3 4 |  4.3
Shields        | 1 2 3 4 |  4.3
Evocations     | 1 2 3 4 |  4.3
Conjurations   | 1 2 3 |  3.5
Hexes          | 1 2 3 |  3.5
Summonings     | 1 2 3 |  3.5
Necromancy     | 1 2 3 |  3.5
Translocations | 1 2 3 |  3.5
Fire Magic     | 1 2 3 |  3.5
Ice Magic      | 1 2 3 |  3.5
Air Magic      | 1 2 3 |  3.5
Earth Magic    | 1 2 3 |  3.5
Poison Magic   | 1 2 3 |  3.5
Fighting       | 3 4 5 |  5.1
Transmutations | 4 5 |  5.2
Dodging        | 5 6 |  6.3
Unarmed Combat | 7 |  7.9

Action                   |  1- 3 |  4- 6 |  7- 9 || total
-------------------------+-------+-------+-------++-------
Melee: Unarmed           |    81 |   129 |   208 ||   418
       Headbutt          |    12 |       |       ||    12
       Bite              |     4 |     1 |       ||     5
       Kick              |     8 |     2 |       ||    10
       Punch             |     1 |       |       ||     1
 Cast: Beastly Appendage |    21 |     2 |       ||    23
       Spider Form       |     1 |    40 |    24 ||    65
       Wereblood         |     1 |     1 |     5 ||     7
       Ice Form          |       |       |     1 ||     1
  Use: Scroll            |       |     5 |     7 ||    12
       Potion            |       |       |     1 ||     1
 Stab: Sleeping          |     2 |     6 |     1 ||     9
Armor: Robe              |    14 |       |       ||    14
       Skin              |       |     6 |     4 ||    10
Dodge: Dodged            |    50 |    99 |   183 ||   332

Table legend: (Time is in decaauts)
 A = Elapsed time spent in this place.
 B = Non-inter-level travel time spent in this place.
 C = Inter-level travel time spent in this place.
 D = Time resting spent in this place.
 E = Time spent auto-exploring this place.
 F = Levels seen in this place.
 G = Mean time per level.
                   A        B        C        D        E       F      G
               +--------+--------+--------+--------+--------+-----+--------+
         Total |   7300 |   7118 |    182 |     27 |   5980 |   8 |  912.5 |
       Dungeon |   7300 |   7118 |    182 |     27 |   5980 |   8 |  912.5 |
               +--------+--------+--------+--------+--------+-----+--------+

Top non-repeatable levels by time:
     D:6: 1462 daAuts
     D:3: 1054 daAuts
     D:7: 1047 daAuts
     D:5: 1025 daAuts
     D:4: 973 daAuts
     D:2: 969 daAuts
     D:1: 750 daAuts
     D:8: 18 daAuts
